 Dungeon Crawl Stone Soup version 0.31-a0-728-g01b46875f1 (webtiles) character file.

Game seed: 16794552241658165120

11862 Shayle the Fighter (level 11, -6/288 HPs)
             Began as an Ogre Shapeshifter on Sept 11, 2023.
             Was an Elder of Cheibriados.
             Mangled by a komodo dragon (16 damage)
             ... on level 1 of the Lair of Beasts.
             The game lasted 00:33:20 (11115 turns).

Shayle the Fighter (Ogre Shapeshifter)             Turns: 11115, Time: 00:33:21

Health: -6/288     AC: 25    Str: 30    XL:     11   Next: 84%
Magic:  0/35       EV:  1    Int: 25    God:    Cheibriados [****..]
Gold:   769        SH:  0    Dex: 18    Spells: 32/32 levels left

rFire   + . .        f - +7 hand axe "Kediedia" {venom, MP+9 Stlth+}
rCold   . . .        (no shield)
rNeg    . . .        A - melded +1 steam dragon scales
rPois   +            (helmet currently unavailable)
rElec   .            (cloak currently unavailable)
rCorr   .            (gloves unavailable)
SInv    .            (boots unavailable)
Will    +....        p - amulet of guardian spirit Stlth
                     g - ring of protection from fire
HPRegen 0.68/turn    (no ring)
MPRegen 0.24/turn

%: guardian spirit
@: berserking (expiring), tree-form, very slow
A: stationary, stasis, torment immunity, boosted hp, large, unfitting armour,
(tough skin 1)
a: Renounce Religion, Bend Time, Temporal Distortion, Slouch


You were on level 1 of the Lair of Beasts.
You worshipped Cheibriados.
Cheibriados was greatly pleased with you.
You were a tree.
You visited 3 branches of the dungeon, and saw 12 of its levels.

You collected 769 gold pieces.

Inventory:

Hand Weapons
 f - the +7 hand axe "Kediedia" (weapon) {venom, MP+9 Stlth+}
   (You found it on level 2 of the Dungeon)

   MP+9:      It affects your magic capacity (+9).
   Stlth+:    It makes you more stealthy.
 u - a +3 dagger of venom
 z - a +2 heavy long sword
Missiles
 s - 2 throwing nets
 C - a curare-tipped dart
Armour
 a - a +1 animal skin
 c - a +0 cloak
 l - an orb of guile
 A - +1 steam dragon scales (melded)
Jewellery
 g - a ring of protection from fire (left branch)
 k - a ring of flight
 p - an amulet of guardian spirit (around neck)
 r - an amulet of magic regeneration
 x - a ring of magical power
 D - a ring of magical power
Talismans
 d - a flux talisman
 y - a beast talisman
Wands
 t - a wand of charming (22)
Scrolls
 h - 3 scrolls of revelation
 i - 2 scrolls of vulnerability
 m - a scroll of fog
 n - 2 scrolls of noise
 q - 3 scrolls of immolation
 v - 3 scrolls of enchant weapon
Potions
 b - 2 potions of lignification
 j - 3 potions of resistance
 w - a potion of haste {unknown}
 B - a potion of brilliance {unknown}
 E - a potion of might {unknown}


   Skills:
 + Level 13.9 Fighting
 - Level 1.7 Dodging
 - Level 2.7 Unarmed Combat
 - Level 11.2 Spellcasting
 + Level 1.7 Conjurations
 + Level 1.6 Fire Magic
 + Level 2.1 Invocations
 - Level 10.1 Shapeshifting


You had 32 spell levels left.
You didn't know any spells.
Your spell library contained the following spells:

 Spells                   Type           Power      Damage    Failure   Level
 Volatile Blastmotes      Fire/Tloc      36%        2d13      10%         3
 Fulminant Prism          Conj/Hex       9%         3d6       30%         4
 Iskenderun's Mystic Bla  Conj/Tloc      18%        2d6       30%         4
 Iskenderun's Battlesphe  Conj           22%        2d8       52%         5
 Leda's Unmaking          Conj/Erth      9%         9d2       99%         6
 Spellforged Servitor     Conj/Summ      9%         N/A       100%        7


Dungeon Overview and Level Annotations

Branches:
Dungeon (10/15)            Temple (1/1) D:5            Lair (1/5) D:10
    Orc (0/2) D:10

Altars:
Ashenzari
Cheibriados
Dithmenos
Elyvilon
Fedhas
Gozag
Hepliaklqana
Kikubaaqudgha
Makhleb
Nemelex Xobeh
Okawaru
Qazlal
Ru
Sif Muna
Trog
Uskayaw
Vehumet
Wu Jian
Xom
Yredelemnul
Zin
The Shining One

Shops:
D:2 :

Annotations:
D:5 3 runed translucent doors, hgbash's ghost, novice TrSh
D:9 1 runed translucent door, bahustanut's ghost, weakling FoFi


Innate Abilities, Weirdness & Mutations

You are a tree.
Your roots penetrate the ground, keeping you stationary.
You cannot be teleported.
You are immune to unholy pain and torment.
Your maximum health is greatly increased.
Your equipment is partially melded.
You are too large for most types of armour.
((You have tough skin. (AC +1)))


Message History

You closely miss the cane toad.
The cane toad is severely wounded.
You slash the komodo dragon!
The komodo dragon is poisoned.
You kill the bullfrog!
Cheibriados thoroughly appreciates the change of pace.
The cane toad stings you.
* * * LOW HITPOINT WARNING * * *
The cane toad stings you but does no damage.
You hit the komodo dragon.
The komodo dragon is lightly wounded.
You hit the komodo dragon.
The komodo dragon looks as sick as possible!
You hit the cane toad. The komodo dragon bites you!
* * * LOW HITPOINT WARNING * * *
The cane toad stings you.
* * * LOW HITPOINT WARNING * * *
The komodo dragon bites you!
* * * LOW HITPOINT WARNING * * *
The komodo dragon bites you but does no damage.
You barely miss the cane toad.
The cane toad is almost dead.
You barely miss the komodo dragon. You hit the komodo dragon.
The komodo dragon is poisoned.
The cane toad stings you but does no damage.
The komodo dragon bites you!
* * * LOW HITPOINT WARNING * * *
The komodo dragon bites you but does no damage.
The cane toad stings you.
* * * LOW HITPOINT WARNING * * *
You slash the cane toad!
You kill the cane toad!
Cheibriados appreciates the change of pace.
You hit the komodo dragon.
The komodo dragon looks as sick as possible!
You closely miss the komodo dragon.
The komodo dragon completely misses you.
The komodo dragon bites you!
* * * LOW HITPOINT WARNING * * *
The komodo dragon bites you!
You die...

#.........#
#.#.........##
#.#..........#
#)##.....#...## #
#.##.....#....##
##.#.##.....##...P#
#.
..#.##.....##....##
..
#l.##.†...###....#
..
#l♣#....(.###....#
.k
#..........###...##
.. #.........P#
#....# .P
##........## #P...#
# #.#......P#
##.... ###
###......#####....
....
.#...............
....
.................
....
..................


You could see 2 komodo dragons.

Vanquished Creatures
  A centaur warrior (D:8)
  2 two-headed ogres (D:9)
  Nergalle (D:10)
  Pikel (D:7)
  Joseph (D:7)
  Maurice (D:8)
  A black mamba (Lair:1)
  A rime drake (Lair:1)
  2 cane toads (Lair:1)
  3 komodo dragons (Lair:1)
  A troll (D:10)
  Grinder (D:4)
  Sigmund (D:4)
  A shadow (D:9)
  2 wyverns
  Grum (Lair:1)
  A steam dragon (D:7)
  4 vampire mosquitoes (D:10)
  Edmund (D:4)
  5 water moccasins
  8 orc warriors
  2 black bears (D:6)
  A sky beast (D:6)
  An ogre (D:5)
  4 wolves
  2 centaurs
  A phantom (D:5)
  A lemure (D:6)
  2 kobold brigands
  2 scorpions (D:4)
  4 bullfrogs
  A wight (D:5)
  5 killer bees (D:9)
  2 howler monkeys (D:10)
  3 electric eels (D:10)
  8 hounds
  3 orc priests
  2 jellies (D:5)
  A sleepcap (D:6)
  Ijyb (D:4)
  4 iguanas
  12 orc wizards
  4 gnolls
  7 adders
  A white imp (D:5)
  3 dart slugs
  44 orcs
  4 ball pythons
  7 endoplasms
  4 giant cockroaches
  6 goblins
  16 hobgoblins
  3 jackals (D:1)
  14 kobolds
  4 quokkas
  4 bats
  8 frilled lizards
  4 rats
235 creatures vanquished.

Vanquished Creatures (collateral kills)
  2 yaks (D:10)
  A water moccasin (D:7)
  2 orc warriors (D:9)
  3 wights (D:5)
  A shadow imp (D:5)
  5 orcs (D:9)
14 creatures vanquished.

Vanquished Creatures (others)
  Maggie (D:7)
  2 yaks (D:10)
  An ogre (D:9)
  A wight (D:5)
  A killer bee (D:9)
6 creatures vanquished.

Grand Total: 255 creatures vanquished

Notes
Turn   | Place    | Note
-------+----------+-------------------------------------------
     0 | D:1      | Shayle the Ogre Shapeshifter began the quest for the Orb.
     0 | D:1      | Reached XP level 1. HP: 19/19 MP: 1/1
   258 | D:1      | Reached XP level 2. HP: 28/28 MP: 1/3
   351 | D:1      | Reached skill level 2 in Fighting
   360 | D:1      | Reached skill level 1 in Spellcasting
   623 | D:1      | Reached XP level 3. HP: 36/36 MP: 4/4
  1114 | D:1      | Reached skill level 3 in Fighting
  1248 | D:2      | Reached XP level 4. HP: 41/45 MP: 5/7
  1536 | D:2      | Identified the +7 hand axe "Kediedia" {venom, MP+9 Stlth+}
  1599 | D:2      | Found Wuqomido's Vocational Training.
  1688 | D:2      | Found a faded altar of an unknown god.
  1797 | D:3      | You fall into a shaft and drop 2 floors!
  1797 | D:5      | Entered Level 5 of the Dungeon
  1851 | D:5      | Reached XP level 5. HP: 52/54 MP: 8/8
  1862 | D:4      | Noticed Sigmund
  2006 | D:5      | Found a glowing silver altar of Zin.
  2209 | D:3      | Reached skill level 4 in Fighting
  2287 | D:3      | Found a shadowy altar of Dithmenos.
  2537 | D:4      | Noticed Edmund
  2548 | D:4      | Killed Edmund
  2549 | D:4      | Reached XP level 6. HP: 47/65 MP: 11/11
  2618 | D:4      | Identified the +3 dagger "Tuckyli" {holy, rElec}
  2806 | D:4      | Reached skill level 5 in Fighting
  2953 | D:4      | Noticed Ijyb
  2968 | D:4      | Killed Ijyb
  3161 | D:4      | Reached XP level 7. HP: 57/72 MP: 13/13
  3281 | D:4      | Noticed Grinder
  3289 | D:4      | Killed Grinder
  3290 | D:4      | Reached skill level 6 in Fighting
  3290 | D:4      | Reached skill level 5 in Shapeshifting
  3378 | D:4      | Reached skill level 5 in Spellcasting
  3557 | D:4      | Killed Sigmund
  3558 | D:4      | Reached XP level 8. HP: 42/84 MP: 12/16
  3777 | D:4      | Reached skill level 7 in Fighting
  4024 | D:5      | Found a staircase to the Ecumenical Temple.
  4059 | Temple   | Entered the Ecumenical Temple
  4093 | Temple   | Became a worshipper of Cheibriados the Contemplative
  4608 | D:5      | Found a runed translucent gate.
  4609 | D:5      | Found a runed translucent gate.
  4609 | D:5      | Found a runed translucent gate.
  4618 | D:5      | Noticed hgbash's ghost (novice TrSh)
  4742 | D:5      | Reached skill level 8 in Fighting
  4867 | D:6      | Reached * piety under Cheibriados
  5291 | D:6      | Reached XP level 9. HP: 95/97 MP: 19/19
  5860 | D:7      | Noticed Maggie
  5910 | D:7      | Reached skill level 9 in Fighting
  5924 | D:7      | Killed Maggie
  5925 | D:7      | Noticed Joseph
  5936 | D:7      | Killed Joseph
  6201 | D:7      | Noticed Pikel
  6577 | D:7      | Reached skill level 10 in Fighting
  6694 | D:7      | Killed Pikel
  6704 | D:7      | Reached XP level 10. HP: 71/111 MP: 22/22
  7112 | D:8      | Noticed a centaur warrior
  7118 | D:8      | Killed a centaur warrior
  7119 | D:8      | Reached skill level 11 in Fighting
  7303 | D:8      | Reached ** piety under Cheibriados
  7517 | D:8      | Noticed Maurice
  7580 | D:8      | Killed Maurice
  8186 | D:9      | Noticed a two-headed ogre
  8200 | D:9      | Killed a two-headed ogre
  8201 | D:9      | Reached skill level 12 in Fighting
  8227 | D:9      | Reached *** piety under Cheibriados
  8237 | D:9      | Reached skill level 10 in Spellcasting
  8248 | D:9      | Reached XP level 11. HP: 47/124 MP: 5/25
  8601 | D:9      | Noticed a two-headed ogre
  8752 | D:9      | Found a runed translucent door.
  8756 | D:9      | Noticed bahustanut's ghost (weakling FoFi)
  8759 | D:9      | Identified the +4 trident "Udur" {venom, Str+2}
  9147 | D:10     | Entered Level 10 of the Dungeon
  9148 | D:10     | Found a staircase to the Orcish Mines.
  9154 | D:10     | Reached **** piety under Cheibriados
  9163 | D:10     | Noticed a two-headed ogre
  9213 | D:10     | Noticed Nergalle
  9723 | D:9      | Killed a two-headed ogre
  9873 | D:10     | Reached skill level 13 in Fighting
  9880 | D:10     | Found a staircase to the Lair.
 10184 | D:10     | Killed Nergalle
 10300 | Lair:1   | Entered Level 1 of the Lair of Beasts
 10300 | Lair:1   | Noticed Grum
 10336 | Lair:1   | Reached skill level 10 in Shapeshifting
 10336 | Lair:1   | Killed Grum
 10696 | Lair:1   | Reached skill level 1 in Conjurations
 10696 | Lair:1   | Reached skill level 1 in Fire Magic
 10696 | Lair:1   | Reached skill level 1 in Invocations
 11115 | Lair:1   | HP: 10/288 [komodo dragon (9)]
 11115 | Lair:1   | Mangled by a komodo dragon

Illustrated notes

Levels and vault maps discovered:
D:1:      dpeg_arrival_windows_large_door, layout_loops_ring
D:2:      layout_rooms, chequers_ecumenical_altar_grove, nicolae_shop_vocational
D:3:      layout_rooms, lemuel_coloured_pillars_altar, serial_bayou_ford_a,
          kennysheep_generic_room_3
D:4:      layout_loops_cross, sigmund_army, uniq_grinder, uniq_edmund, uniq_ijyb
D:5:      layout_basic, zin_academy, minmay_temple_entry_mini_moons,
          gammafunk_ghost_necromancy, kennysheep_minor_cross,
          nicolae_fountain_basement
D:6:      layout_basic, serial_curves, eino_curves_02, eino_curves_03,
          eino_curves_04, eino_curves_02
D:7:      layout_loops_ring, chequers_serial_rivers_micro_c,
          minmay_misc_feat_diagonals, uniq_joseph, uniq_pikel, uniq_maggie
D:8:      layout_basic, uniq_maurice
D:9:      layout_roguey [special_room_orc], ebering_ghost_funeral_grove,
          chequers_serial_rivers_small_a
D:10:     layout_loops_ring, erik_lair_island, uniq_nergalle
Temple:   nicolae_temple_slightly_damp_pantheon
Lair:1:   layout_hall_layers, st_stairs_10, beast_lair_carwin_8, uniq_grum

Skill      XL: |  1  2  3  4  5  6  7  8  9 10 11 |
---------------+----------------------------------+-----
Fighting       | 2 3 4 5 6 8 10 12 13 | 13.9
Spellcasting   | 1 2 3 4 5 6 8 10 11 | 11.2
Shapeshifting  | 4 5 6 7 9 10 | 10.1
Conjurations   | 1 |  1.7
Fire Magic     | 1 |  1.6
Invocations    | 2 |  2.1
Dodging        | |  1.7
Unarmed Combat | |  2.7

Action                     |  1- 3 |  4- 6 |  7- 9 | 10-12 || total
---------------------------+-------+-------+-------+-------++-------
  Melee: Unarmed           |   103 |    18 |       |       ||   121
         Punch             |     1 |     2 |     3 |     6 ||    12
         Hand axe          |       |    76 |   149 |   186 ||   411
  Evoke: Wand              |       |       |    10 |    47 ||    57
    Use: Scroll            |     4 |     1 |     5 |    12 ||    22
         Potion            |       |     2 |       |     9 ||    11
   Stab: Sleeping          |       |     7 |     4 |     3 ||    14
 Armour: Animal skin       |    74 |    85 |    90 |       ||   249
         Steam dragon scal |       |       |    59 |   282 ||   341
         Skin              |       |       |       |    30 ||    30
  Dodge: Dodged            |    41 |    61 |    62 |   167 ||   331

Table legend: (Time is in decaauts)
 A = Elapsed time spent in this place.
 B = Non-inter-level travel time spent in this place.
 C = Inter-level travel time spent in this place.
 D = Time resting spent in this place.
 E = Time spent auto-exploring this place.
 F = Levels seen in this place.
 G = Mean time per level.
                   A        B        C        D        E       F      G
               +--------+--------+--------+--------+--------+-----+--------+
         Total |  13046 |  12207 |    839 |   2339 |   7046 |  12 | 1087.2 |
       Dungeon |  12059 |  11245 |    814 |   1901 |   6822 |  10 | 1205.9 |
        Temple |     58 |     34 |     24 |      0 |      0 |   1 |   58.0 |
          Lair |    928 |    928 |      0 |    438 |    224 |   1 |  928.0 |
               +--------+--------+--------+--------+--------+-----+--------+

Top non-repeatable levels by time:
     D:9: 2128 daAuts
     D:7: 1465 daAuts
     D:6: 1459 daAuts
     D:4: 1420 daAuts
     D:5: 1353 daAuts
     D:8: 1144 daAuts
     D:1: 1071 daAuts
  Lair:1: 928 daAuts
     D:2: 745 daAuts
     D:3: 659 daAuts
    D:10: 612 daAuts
  Temple: 58 daAuts
